 Dungeon Crawl Stone Soup version 0.21-a0-405-gf2af9a1 (webtiles) character file.

292 Mamutox the Covert (level 6, -5/30 HPs)
             Began as a Spriggan Assassin on Nov 1, 2017.
             Was a Follower of Dithmenos.
             Killed by divine providence
             ... invoked by an orc priest
              (16 damage)
             ... on level 4 of the Dungeon.
             The game lasted 00:16:04 (4052 turns).

Mamutox the Covert (Spriggan Assassin)              Turns: 4052, Time: 00:16:05

Health: -5/30      AC:  3    Str:  7    XL:     6   Next: 10%
Magic:  7/7        EV: 18    Int: 12    God:    Dithmenos [*.....]
Gold:   127        SH:  0    Dex: 20    Spells: 5/5 levels left

rFire    . . .     SeeInvis +   t - +1 short sword (holy)
rCold    . . .     Gourm    .   (shield restricted)
rNeg     . . .     Faith    .   c - +0 robe
rPois    .         Spirit   .   (helmet restricted)
rElec    .         Reflect  .   d - +0 cloak
rCorr    .         Harm     +   (gloves unavailable)
MR       +....                  (boots unavailable)
Stlth    +++++.....             y - amulet of harm
HPRegen  0.10/turn              (no ring)
MPRegen  0.10/turn              (no ring)

@: wreathed by umbra, very quick
A: unfitting armour, see invisible, herbivore 3, speed 3, slow metabolism 2
a: Renounce Religion


You were on level 4 of the Dungeon.
You worshipped Dithmenos.
Dithmenos was aware of your devotion.
You were hungry.

You visited 1 branch of the dungeon, and saw 4 of its levels.

You collected 127 gold pieces.

Inventory:

Hand Weapons
 a - a +2 dagger
 b - a +0 blowgun
 n - a +2 dagger of venom
 t - a +1 short sword of holy wrath (weapon)
 E - a +2 vampiric short sword
Missiles
 e - 17 poisoned needles
 f - 2 curare-tipped needles
 m - 10 tomahawks (quivered)
 u - 78 stones
 F - 21 sling bullets
Armour
 c - a +0 robe (worn)
 d - a +0 cloak (worn)
Jewellery
 y - an amulet of harm (around neck)
Wands
 B - a wand of digging (5/24)
Scrolls
 i - 6 scrolls of amnesia
 j - a scroll of blinking {unknown}
 k - 2 scrolls of fear {unknown}
 o - 6 scrolls of identify
 r - a scroll of teleportation {unknown}
 s - a scroll of magic mapping {unknown}
 x - 3 scrolls of remove curse {unknown}
 D - a scroll of immolation {unknown}
Potions
 h - 3 potions of heal wounds {unknown}
 l - 2 potions of curing {unknown}
 p - 2 potions of ambrosia {unknown}
 q - 2 potions of lignification {unknown}
 v - 2 potions of magic {unknown}
 z - a potion of berserk rage {unknown}
 C - a potion of flight {unknown}
 G - a potion of invisibility {unknown}
Comestibles
 g - 2 bread rations
 w - 7 fruits
 A - a royal jelly


   Skills:
 + Level 2.2 Fighting
 * Level 4.3 Short Blades
 + Level 2.5 Throwing
 + Level 2.9 Dodging
 * Level 8.6 Stealth


You had 5 spell levels left.
You didn't know any spells.

Dungeon Overview and Level Annotations

Branches:
Dungeon (4/15)
 Temple: D:4-7

Altars:
Dithmenos
Okawaru
Wu Jian
Yredelemnul
The Shining One

Annotations:
D:4 Heskey's ghost, amateur GrFi


Innate Abilities, Weirdness & Mutations

You are very small and have problems with some larger weapons.
You are too small for most types of armour.
You have supernaturally acute eyesight. (SInv)
You are a herbivore.
You cover ground extremely quickly.
You need consume almost no food.


Message History

You hear a shout!
You hit Heskey's ghost.
Heskey's ghost convulses.
Heskey's ghost is lightly damaged.
Heskey's ghost hits you!
There is a stone staircase leading down here.
An orc comes into view.
An orc priest comes into view. It is wielding a short sword.
The orc hits you but does no damage.
You hit the orc.
You kill the orc!
Dithmenos accepts your kill.
You hit the orc priest but do no damage.
The orc priest hits you with a short sword.
You hit the orc priest.
The orc priest is moderately wounded.
The orc priest barely misses you.
The orc priest mumbles some strange prayers to Beogh against you.
Beogh smites you!
Ouch! That really hurt!
You die...

#.......# ###.
#.####..###..# ##
#.......# #..# #
#.#####.###..# #
#.W...#.#####
###..###.....
###.#.#####
#.###############.##
#...o..@........>.#
###################


You could see an orc priest.

Vanquished Creatures
  A sky beast (D:3)
  Terence (D:3)
  4 gnolls (D:4)
  6 adders
  4 dart slugs
  A leopard gecko (D:1)
  6 orcs
  4 bats
  2 giant cockroaches
  6 goblins
  7 hobgoblins
  4 jackals (D:3)
  15 kobolds
  3 quokkas (D:2)
  A ball python (D:4)
  3 frilled lizards
  5 rats
73 creatures vanquished.

Notes
Turn   | Place    | Note
-------+----------+-------------------------------------------
     0 | D:1      | Mamutox the Spriggan Assassin began the quest for the Orb.
     0 | D:1      | Reached XP level 1. HP: 10/10 MP: 2/2
    38 | D:1      | Reached skill level 6 in Stealth
   323 | D:1      | Reached XP level 2. HP: 14/14 MP: 3/3
  1297 | D:2      | Reached XP level 3. HP: 18/18 MP: 4/4
  1415 | D:2      | Found a faded altar of an unknown god.
  1473 | D:2      | Reached skill level 7 in Stealth
  2035 | D:2      | Reached XP level 4. HP: 21/23 MP: 5/5
  2084 | D:2      | Found a shadowy altar of Dithmenos.
  2103 | D:2      | Became a worshipper of Dithmenos the Shadowed
  2281 | D:3      | Noticed a sky beast
  2287 | D:3      | Killed a sky beast
  2287 | D:3      | Reached skill level 8 in Stealth
  2287 | D:3      | Reached XP level 5. HP: 26/26 MP: 6/6
  2455 | D:3      | Found a basalt altar of Yredelemnul.
  2517 | D:3      | Found an ornate altar of the Wu Jian Council.
  2529 | D:3      | Found a glowing golden altar of the Shining One.
  2800 | D:3      | Noticed Terence
  2834 | D:3      | Killed Terence
  3218 | D:3      | Reached * piety under Dithmenos
  3450 | D:4      | Found an iron altar of Okawaru.
  3539 | D:4      | Reached XP level 6. HP: 13/30 MP: 7/7
  3732 | D:4      | Noticed Heskey's ghost (amateur GrFi)
  4052 | D:4      | Killed from afar by an orc priest

Vault maps used:
D:1:      tarquinn_simple_flora_water_a
D:2:      chequers_ecumenical_altar_grove, serial_forest,
          infiniplex_forest_corner_1, infiniplex_forest_corner_1,
          infiniplex_forest_clump_small, infiniplex_forest_clump_cross,
          infiniplex_forest_clump_tiny, infiniplex_forest_zigzag_2,
          grunt_dithmenos_smoke
D:3:      lemuel_round_altar, nicolae_overflow_crystal_walls,
          overflow_temple_1_default, uniq_terence
D:4:      lemuel_doored_altar

Skill      XL: |  1  2  3  4  5 |
---------------+----------------+-----
Stealth        | 6 7 8 |  8.6
Dodging        | 2 |  2.9
Short Blades   | 3 4 |  4.3
Fighting       | 2 |  2.2
Throwing       | |  2.5

Action                   |  1- 3 |  4- 6 || total
-------------------------+-------+-------++-------
Melee: Dagger            |    69 |    84 ||   153
       Short sword       |    48 |    10 ||    58
 Fire: Blowgun           |     8 |    27 ||    35
  Use: Scroll            |     2 |       ||     2
 Stab: Sleeping          |    10 |     8 ||    18
       Distracted        |       |     1 ||     1
Armor: Robe              |    12 |     6 ||    18
Dodge: Dodged            |    80 |    66 ||   146

Table legend:
 A = Spawn XP
 B = Non-spawn XP
 C = Spawn XP percentage of total XP
 D = Spawn monster count
 E = Non-spawn monster count
 F = Spawn count percentage of total count
 G = Total turns spent on level
                    A         B        C        D         E        F      G
               +---------+---------+-------+---------+---------+-------+---------
         Total |       0 |     418 |   0.0 |       0 |      73 |   0.0 |  4052
               +---------+---------+-------+---------+---------+-------+---------
           D:1 |       0 |      35 |   0.0 |       0 |      18 |   0.0 |  1271
           D:2 |       0 |      72 |   0.0 |       0 |      20 |   0.0 |   948
           D:3 |       0 |     241 |   0.0 |       0 |      26 |   0.0 |  1225
           D:4 |       0 |      70 |   0.0 |       0 |       9 |   0.0 |   608
               +---------+---------+-------+---------+---------+-------+---------
